 Dungeon Sprint DCSS version 0.21.1-1-g345015f (webtiles) character file.

14410 Fang the Executioner (level 11, -3/134 HPs)
             Began as a Minotaur Berserker on June 1, 2018.
             Was the Champion of Trog.
             Slain by a stone giant simulacrum (28 damage)
             ... animated by a necromancer
             ... in the Dungeon (Sprint IX: "|||||||||||||||||||||||||||||").
             The game lasted 00:07:07 (2031 turns).

Fang the Executioner (Minotaur Berserker)           Turns: 2031, Time: 00:07:08

Health: -3/134     AC:  6    Str: 29    XL:     11   Next: 88%
Magic:  10/10      EV: 27    Int:  8    God:    Trog [******]
Gold:   1922       SH:  0    Dex: 29    Spells: 10/10 levels left

rFire    + . .     SeeInvis .   a - +6 executioner's axe "Hucs" {elec, *Contam +Fly Dex+7}
rCold    . . .     Gourm    .   (shield currently unavailable)
rNeg     . . .     Faith    .   A - +4 robe of Augmentation {Str+4 Int+4 Dex+4}
rPois    .         Spirit   .   (helmet restricted)
rElec    .         Reflect  .   (no cloak)
rCorr    .         Harm     .   (no gloves)
MR       .....     NoTele   +   (no boots)
Stlth    ++++......             (no amulet)
HPRegen  0.32/turn              o - +3 ring of dexterity
MPRegen  0.12/turn              p - +3 ring of dexterity

@: berserk cooldown, slowed, very slow
A: retaliatory headbutt, horns 2, agile 1, fire resistance 1, robust 1
a: Berserk, Trog's Hand, Brothers in Arms, Burn Spellbooks, Renounce Religion,
Evoke Flight


You were in the Dungeon.
You worshipped Trog.
Trog was exalted by your worship.
You were near starving.

You visited 1 branch You collected 1922 gold pieces.

Inventory:

Hand Weapons
 a - the +6 executioner's axe "Hucs" (weapon) {elec, *Contam +Fly Dex+7}
   (Trog gifted it to you in the Dungeon)

   Occasionally, upon striking a foe, it will discharge some electrical energy
   and cause terrible harm.
   It affects your dexterity (+7).
   It lets you fly.
   It causes magical contamination when unequipped.
 j - the +1 executioner's axe of Debt {drain, rPois Str+4}
   (Trog gifted it to you in the Dungeon)

   A truly terrible weapon, it drains the life of those it strikes.
   It affects your strength (+4).
   It protects you from poison.
 q - a +4 battleaxe of venom
 u - a +2 executioner's axe of chopping
 x - a +4 battleaxe of draining
 y - a +2 antimagic war axe
Armour
 b - a +0 animal skin
 k - a +2 robe of magic resistance
 A - the +4 robe of Augmentation (worn) {Str+4 Int+4 Dex+4}
   (You found it in the Dungeon)

   It affects your strength (+4).
   It affects your intelligence (+4).
   It affects your dexterity (+4).
Jewellery
 o - a +3 ring of dexterity (left hand)
 p - a +3 ring of dexterity (right hand)
 z - an uncursed ring of protection from magic
Wands
 n - a wand of iceblast (10)
Scrolls
 i - 2 scrolls of blinking
 m - 5 scrolls of remove curse
 v - 4 scrolls of identify
 w - 2 scrolls of fear
 B - 2 scrolls of enchant weapon
 C - a scroll of fog
Potions
 d - 9 potions of curing
 e - 4 potions of heal wounds
 f - 3 potions of haste
 g - 4 potions of magic
 h - 2 potions of berserk rage
 l - a potion of invisibility
 r - a potion of agility
 s - a potion of brilliance
 t - a potion of might
Comestibles
 c - 11 rations


   Skills:
 + Level 19.1 Fighting
 + Level 22.5 Axes
 + Level 7.9 Armour
 + Level 12.6 Dodging
 + Level 4.8 Stealth


You had 10 spell levels left.
You didn't know any spells.

Dungeon Overview and Level Annotations

Branches:
Dungeon (1/1)

Altars:
Cheibriados
Dithmenos
Elyvilon
Fedhas
Gozag
Hepliaklqana
Kikubaaqudgha
Makhleb
Nemelex Xobeh
Okawaru
Qazlal
Ru
Sif Muna
Trog
Uskayaw
Vehumet
Wu Jian
Xom
Yredelemnul
Zin
The Shining One
Beogh
Jiyva
Lugonu

Shops:
D }:[:


Innate Abilities, Weirdness & Mutations

You reflexively headbutt those who attack you in melee.
You have a pair of horns on your head.
You are agile. (Dex +2)
Your flesh is heat resistant. (rF+)
You are robust. (+10% HP)


Message History

You slice the stone giant!!
You kill the stone giant!
Trog accepts your kill.
A freezing mist starts to gather...
Your Fighting skill increases to level 19!
A stone giant simulacrum comes into view.
The necromancer mumbles some strange words.
The necromancer binds the souls of nearby monsters.
You slice the tengu warrior!!
The tengu warrior is moderately wounded.
You hit the stone giant simulacrum but do no damage.
The tengu warrior closely misses you. You furiously retaliate!
You headbutt the tengu warrior!
The tengu warrior completely misses you.
The tengu warrior barely misses you.
The ogre mage hits you from afar with a spear of distortion!
The stone giant simulacrum hits you!!
* * * LOW HITPOINT WARNING * * *
The stone giant simulacrum freezes you!!
You die...

▓.▓.▓.▓.▓.▓.▓_▓
▓.▓.▓.▓.▓.▓.▓_▓
▓.▓.▓.▓.▓.▓.▓_▓
▓.▓.▓'▓.▓.▓.▓_▓
▓)▓.▓)▓.▓'▓.▓'▓
▓)▓.▓)▓.▓.▓.▓.▓
▓)▓.▓.▓.▓)▓.▓?▓
▓Z▓.▓)▓.▓.▓.▓|▓
▓@▓.▓.▓.▓.▓.▓)▓
▓Q▓.▓∩▓.▓.▓.▓[▓
▓O▓.▓)▓.▓.▓.▓[▓
▓Q▓.▓∩▓.▓.▓.▓[▓
▓.▓.▓.▓.▓.▓.▓.▓
▓.▓.▓∩▓.▓.▓.▓.▓
▓p▓.▓)▓.▓.▓.▓'▓
▓C▓.▓∩▓.▓.▓.▓)▓
▓.▓.▓.▓.▓.▓.▓


You could see a fire giant (wandering), 2 tengu warriors, an ogre mage, a
necromancer and a stone giant simulacrum.

Vanquished Creatures
  A stone giant (D)
  Josephine (D)
  Erolcha (D)
  A centaur warrior (D)
  A two-headed ogre (D)
  A skeletal warrior (D)
  3 orc knights (D)
  4 orc sorcerers (D)
  2 black mambas (D)
  A spiny frog (D)
  2 komodo dragons (D)
  7 polar bears (D)
  A troll (D)
  A hippogriff (D)
  4 wraiths (D)
  2 yaks (D)
  A hungry ghost (D)
  Grum (D)
  A soldier ant (D)
  4 water moccasins (D)
  A porcupine (D)
  9 orc warriors (D)
  2 black bears (D)
  3 wolves (D)
  2 crocodiles (D)
  6 bullfrogs (D)
  2 crimson imps (D)
  3 orc priests (D)
  2 hounds (D)
  A quasit (D)
  12 orc wizards (D)
  2 worker ants (D)
  An adder (D)
  An adder zombie (D)
  10 orcs (D)
  A ball python (D)
  A giant cockroach (D)
  A bat (D)
  A frilled lizard (D)
  A goblin (D)
  A rat (D)
103 creatures vanquished.

Vanquished Creatures (others)
  An unseen horror (D)
1 creature vanquished.

Grand Total: 104 creatures vanquished

Notes
Turn   | Place    | Note
-------+----------+-------------------------------------------
     0 | D        | Fang the Minotaur Berserker began the quest for the Orb.
     0 | D        | Reached XP level 1. HP: 19/19 MP: 0/0
     5 | D        | Reached skill level 4 in Axes
    10 | D        | Reached ** piety under Trog
   146 | D        | Noticed a crimson imp
   146 | D        | Noticed a worker ant
   146 | D        | Noticed an orc wizard
   148 | D        | Killed an orc wizard
   148 | D        | Reached *** piety under Trog
   148 | D        | Reached skill level 5 in Fighting
   148 | D        | Reached skill level 5 in Axes
   148 | D        | Reached XP level 2. HP: 30/30 MP: 1/1
   148 | D        | Reached XP level 3. HP: 37/37 MP: 2/2
   149 | D        | Reached skill level 6 in Axes
   153 | D        | Reached skill level 7 in Axes
   153 | D        | Reached XP level 4. HP: 45/45 MP: 3/3
   156 | D        | Reached **** piety under Trog
   192 | D        | Found a roughly hewn altar of Beogh.
   192 | D        | Found a snail-covered altar of Cheibriados.
   192 | D        | Found a shadowy altar of Dithmenos.
   192 | D        | Found a white marble altar of Elyvilon.
   192 | D        | Found a blossoming altar of Fedhas.
   192 | D        | Found an opulent altar of Gozag.
   193 | D        | Found a hazy altar of Hepliaklqana.
   194 | D        | Found a viscous altar of Jiyva.
   195 | D        | Found an ancient bone altar of Kikubaaqudgha.
   196 | D        | Found a corrupted altar of Lugonu.
   197 | D        | Found a burning altar of Makhleb.
   198 | D        | Found a sparkling altar of Nemelex Xobeh.
   199 | D        | Found an iron altar of Okawaru.
   200 | D        | Found a stormy altar of Qazlal.
   201 | D        | Found a sacrificial altar of Ru.
   202 | D        | Found a deep blue altar of Sif Muna.
   203 | D        | Found a bloodstained altar of Trog.
   204 | D        | Found a hide-covered altar of Uskayaw.
   205 | D        | Found a radiant altar of Vehumet.
   206 | D        | Found an ornate altar of the Wu Jian Council.
   207 | D        | Found a shimmering altar of Xom.
   208 | D        | Found a basalt altar of Yredelemnul.
   209 | D        | Found a glowing silver altar of Zin.
   210 | D        | Found a glowing golden altar of the Shining One.
   238 | D        | Noticed an orc warrior
   238 | D        | Noticed a hungry ghost
   240 | D        | Reached skill level 8 in Axes
   246 | D        | Killed an orc warrior
   246 | D        | Reached skill level 9 in Axes
   246 | D        | Reached skill level 5 in Armour
   246 | D        | Reached skill level 5 in Dodging
   246 | D        | Reached XP level 5. HP: 57/57 MP: 4/4
   252 | D        | Reached skill level 10 in Axes
   252 | D        | Reached XP level 6. HP: 66/66 MP: 5/5
   257 | D        | Killed a hungry ghost
   257 | D        | Reached skill level 10 in Fighting
   257 | D        | Reached skill level 11 in Axes
   259 | D        | Reached ***** piety under Trog
   303 | D        | Noticed a soldier ant
   303 | D        | Noticed a yak
   308 | D        | Reached XP level 7. HP: 74/74 MP: 6/6
   317 | D        | Received a gift from Trog
   317 | D        | Reached skill level 12 in Axes
   320 | D        | Killed a yak
   472 | D        | Gained mutation: You are agile. (Dex +2) [potion of mutation]
   472 | D        | Gained mutation: Your flesh is heat resistant. (rF+) [potion of mutation]
   472 | D        | Gained mutation: You are robust. (+10% HP) [potion of mutation]
   473 | D        | Noticed a black mamba
   473 | D        | Noticed a yak
   473 | D        | Noticed a black mamba
   477 | D        | Killed a black mamba
   477 | D        | Reached skill level 13 in Axes
   477 | D        | Reached XP level 8. HP: 93/93 MP: 7/7
   478 | D        | Reached skill level 1 in Stealth
   480 | D        | Reached skill level 14 in Axes
   484 | D        | Noticed a komodo dragon
   486 | D        | Killed a black mamba
   486 | D        | Received a gift from Trog
   489 | D        | Reached skill level 15 in Axes
   490 | D        | Reached ****** piety under Trog
   490 | D        | Reached XP level 9. HP: 92/104 MP: 8/8
   493 | D        | Killed a komodo dragon
   726 | D        | Noticed a spiny frog
   729 | D        | Noticed a polar bear
   735 | D        | Killed a spiny frog
   735 | D        | Reached skill level 16 in Axes
   740 | D        | Reached skill level 15 in Fighting
   745 | D        | Killed a polar bear
   745 | D        | Received a gift from Trog
   813 | D        | Noticed a polar bear
   813 | D        | Noticed a polar bear
   813 | D        | Noticed a polar bear
   813 | D        | Noticed a polar bear
   815 | D        | Killed a polar bear
   815 | D        | Reached skill level 17 in Axes
   820 | D        | Killed a polar bear
   821 | D        | Noticed a polar bear
   823 | D        | Killed a polar bear
   823 | D        | Reached XP level 10. HP: 116/116 MP: 9/9
   831 | D        | Received a gift from Trog
   834 | D        | Reached skill level 18 in Axes
   842 | D        | Reached skill level 10 in Dodging
   940 | D        | Noticed Josephine
   947 | D        | Killed Josephine
   954 | D        | Reached skill level 19 in Axes
   965 | D        | Noticed Grum
   971 | D        | Killed Grum
   974 | D        | Received a gift from Trog
   978 | D        | Got a brightly glowing great sword {god gift}
   979 | D        | Identified the +11 great sword of Nuazoi Ifan {flame, *Slow rF+ rN+ Str+3} (Trog gifted it to you in the Dungeon)
  1080 | D        | Noticed Erolcha
  1087 | D        | Killed Erolcha
  1139 | D        | Noticed an orc knight
  1153 | D        | Killed an orc knight
  1153 | D        | Reached skill level 20 in Axes
  1155 | D        | Received a gift from Trog
  1169 | D        | Reached XP level 11. HP: 39/128 MP: 10/10
  1172 | D        | Received a gift from Trog
  1470 | D        | Noticed an orc knight
  1473 | D        | Killed an orc knight
  1486 | D        | Noticed an orc knight
  1488 | D        | Received a gift from Trog
  1501 | D        | Killed an orc knight
  1643 | D        | Got a steaming executioner's axe {god gift}
  1647 | D        | Identified the +1 executioner's axe of Debt {drain, rPois Str+4} (Trog gifted it to you in the Dungeon)
  1660 | D        | Found Zof Fups's Gadget Emporium.
  1660 | D        | Noticed an orc sorcerer
  1660 | D        | Noticed an orc sorcerer
  1661 | D        | Noticed an orc sorcerer
  1664 | D        | Killed an orc sorcerer
  1664 | D        | Received a gift from Trog
  1666 | D        | Killed an orc sorcerer
  1666 | D        | Reached skill level 21 in Axes
  1671 | D        | Noticed a sixfirhy
  1674 | D        | Found Irisekof's Book Shoppe.
  1675 | D        | Killed an orc sorcerer
  1675 | D        | Received a gift from Trog
  1678 | D        | Noticed an orc sorcerer
  1679 | D        | Found Rallei's Antique Armour Emporium.
  1682 | D        | Found Loanaenk's Book Shoppe.
  1685 | D        | Killed an orc sorcerer
  1686 | D        | Received a gift from Trog
  1719 | D        | Got a faintly glowing executioner's axe {god gift}
  1730 | D        | Identified the +6 executioner's axe "Hucs" {elec, *Contam +Fly Dex+7} (Trog gifted it to you in the Dungeon)
  1899 | D        | Found the +4 robe of Augmentation {Str+4 Int+4 Dex+4}
  2004 | D        | Noticed a two-headed ogre
  2004 | D        | Noticed a centaur warrior
  2004 | D        | Noticed a skeletal warrior
  2006 | D        | Received a gift from Trog
  2010 | D        | Noticed a tengu warrior
  2012 | D        | Killed a two-headed ogre
  2013 | D        | Noticed a stone giant
  2015 | D        | Noticed an ogre mage
  2016 | D        | Killed a centaur warrior
  2016 | D        | Reached skill level 22 in Axes
  2019 | D        | Noticed a tengu warrior
  2023 | D        | Killed a skeletal warrior
  2023 | D        | Killed an unseen horror
  2029 | D        | Noticed a necromancer
  2030 | D        | Killed a stone giant
  2031 | D        | Slain by a stone giant simulacrum

Skill      XL: |  1  2  3  4  5  6  7  8  9 10 11 |
---------------+----------------------------------+-----
Fighting       | 5 6 9 11 12 14 15 17 19 | 19.1
Axes           | 5 7 9 10 11 13 15 17 20 22 | 22.5
Armour         | 3 5 6 7 |  7.9
Dodging        | 3 5 6 7 8 9 11 12 | 12.6
Stealth        | 2 3 4 |  4.8

Action                   |  1- 3 |  4- 6 |  7- 9 | 10-12 || total
-------------------------+-------+-------+-------+-------++-------
Melee: Hand axe          |    22 |    23 |    10 |       ||    55
       Headbutt          |     3 |     8 |    19 |    42 ||    72
       Battleaxe         |       |       |    48 |    96 ||   144
       Executioner's axe |       |       |       |    46 ||    46
Invok: Berserk           |     1 |     2 |     3 |     5 ||    11
  Use: Potion            |       |       |     1 |       ||     1
  Eat: Chunk             |       |     1 |     4 |     8 ||    13
Armor: Animal skin       |     7 |       |       |       ||     7
       Robe              |       |     2 |     4 |     7 ||    13
Dodge: Dodged            |     8 |     8 |    26 |    76 ||   118
